 Dungeon Crawl Stone Soup version 0.18.1-50-g88ac8fd (webtiles) character file.

93111 theElss the Bludgeoner (level 16, -9/108 HPs)
             Began as a Gargoyle Berserker on Oct 10, 2016.
             Was the Champion of Trog.
             Killed by divine providence
             ... invoked by an orc priest
              (13 damage)
             ... on level 2 of the Orcish Mines.
             The game lasted 01:39:36 (31474 turns).

theElss the Bludgeoner (Gargoyle Berserker)        Turns: 31474, Time: 01:39:37

Health: -9/108     AC: 37    Str: 28    XL:     16   Next: 7%
Magic:  16/16      EV: 15    Int:  8    God:    Trog [******]
Gold:   2386       SH:  6    Dex:  9    Spells: 0 memorised, 15 levels left

rFire  . . .     SeeInvis .     B - +2 morningstar (holy)
rCold  . . .     Gourm    .     U - +1 plate armour {rN+}
rNeg   + + .     Faith    .     (no shield)
rPois  ∞         Spirit   .     z - +2 helmet
rElec  +         Dismiss  .     d - +0 cloak
rCorr  +         Reflect  +     r - +0 pair of gloves
SustAt .         Harm     .     W - +1 pair of boots
MR     +++..     Clarity  +     Z - +6 amulet of reflection
Stlth  ..........               D - +4 ring of evasion
                                G - ring of resist corrosion

@: exhausted, about to teleport, flying, regenerating, slowed, very slow,
extremely resistant to hostile enchantments, extremely unstealthy
A: big wings, clarity, negative energy resistance 1, electricity resistance,
unbreathing, petrification resistance, rot immunity, AC +11
a: Stop Flying, Berserk, Trog's Hand, Brothers in Arms, Burn Spellbooks,
Renounce Religion


You were on level 2 of the Orcish Mines.
You worshipped Trog.
Trog was exalted by your worship.
You were near starving.

You visited 3 branches of the dungeon, and saw 24 of its levels.
You also visited: Sewer.

You collected 2386 gold pieces.

Inventory:

Hand Weapons
 B - a +2 morningstar of holy wrath (weapon)
Armour
 d - a +0 cloak (worn)
 r - a +0 pair of gloves (worn)
 z - a +2 helmet (worn)
 U - a +1 plate armour of positive energy (worn)
 W - a +1 pair of boots (worn)
Jewellery
 y - an uncursed ring of ice
 D - a +4 ring of evasion (right hand)
 G - a ring of resist corrosion (left hand)
 I - an uncursed ring of protection from magic
 O - an uncursed ring of see invisible
 Z - a +6 amulet of reflection (around neck)
Wands
 c - a wand of acid (11/15)
 f - a wand of iceblast (3/15)
 m - a wand of teleportation (4/9)
 p - a wand of disintegration (15/24)
 N - a wand of digging (13/24)
Scrolls
 e - 17 scrolls of remove curse
 h - 2 scrolls of fear
 l - a scroll of teleportation
 t - a scroll of holy word
 w - 3 scrolls of magic mapping
 x - 3 scrolls of blinking
 A - 6 scrolls of fog
Potions
 b - 8 potions of curing
 s - 2 potions of haste
 v - 4 potions of heal wounds
 H - 2 potions of invisibility
 M - a potion of resistance
Comestibles
 a - 2 beef jerkies
 g - 12 chunks of flesh
 o - 20 fruits
 F - 11 meat rations


   Skills:
 + Level 15.1 Fighting
 + Level 17.0 Maces & Flails
 + Level 13.5 Armour
 + Level 10.3 Dodging


You had 15 spell levels left.
You didn't know any spells.

Dungeon Overview and Level Annotations

Branches:
Dungeon (14/15)            Temple (0/1) D:6            Lair (8/8) D:8
 Shoals (0/4) Lair:4        Snake (0/4) Lair:4        Slime (0/6) Lair:6
    Orc (2/2) D:9             Elf (0/3) Orc:2
 Vaults: D:13-14

Altars:
Ashenzari
Cheibriados
Makhleb
Nemelex Xobeh
Okawaru
Pakellas
Ru
Xom
The Shining One
Beogh
Jiyva

Shops:
D:10 %   D:11 :


Innate Abilities, Weirdness & Mutations

You are resistant to torment.
Your stone body is resilient (AC +11).
You are immune to poison.
Your large and strong wings let you fly indefinitely.
You resist negative energy.
You are resistant to electric shocks.
You can survive without breathing.
You are immune to petrification.
You are immune to rotting.
You possess an exceptional clarity of mind.


Message History

Read which item? (? for menu, Esc to quit)
As you read the scroll of teleportation, it crumbles to dust.
You feel strangely unstable.
You are near starving!
The orc shouts!
The orc priest calls down the wrath of Beogh upon you.
You resist with almost no effort. The orc closely misses you.
You block the orc priest's attack. The warg closely misses you.
The orc hits you but does no damage.
An orc priest and an orc high priest come into view.
The orc priest mumbles some strange prayers to Beogh against you.
Beogh smites you!
* * * LOW HITPOINT WARNING * * *
The orc priest invokes the aid of Beogh against you.
Beogh smites you!
* * * LOW HITPOINT WARNING * * *
The warg bites you but does no damage.
The orc priest calls down the wrath of Beogh upon you.
Beogh smites you!
You die...

.#.......## #.........#
##.......## ###......##
#.........#############
......................
#...................
#.........######..#
##........# #@.#
#.........# #oh# #
#.........# #oooo.o... .
#.........## #o..oo.... #
.............h...o.8...8.
#
........o.###+##.........
# ..........# #..###'###
###.### §o#.......# #..#
.o ...oo.o §5.....#..#
#..# .. #


You could see an orc high priest (wandering), a warg, 5 orc priests and 4 orcs.

Vanquished Creatures
  Rupert (Lair:6)
  Maud (Lair:3)
  An orc warlord (D:9)
  The ghost of Krapule the Blocker, a journeyman HaFi of Dithmenos (Lair:1)
  The ghost of feelmyfire the Tortoise, a journeyman MiFi of Okawaru (Lair:1)
  9 hydras
  2 centaur warriors
  9 death yaks
  4 orc high priests (Orc:2)
  Nergalle (D:10)
  6 hill giants
  2 orc sorcerers
  An orc knight (Orc:1)
  An ugly thing (D:12)
  2 cyclopes
  A deep elf mage (D:12)
  2 manticores (D:12)
  A griffon (Lair:6)
  2 centaur zombies
  12 elephants
  Joseph (D:7)
  5 black mambas
  A gargoyle (D:14)
  A spiny frog (shapeshifter) (D:13)
  21 spiny frogs
  3 rime drakes (Lair:7)
  7 komodo dragons
  5 trolls
  A queen bee (Lair:1)
  5 giant leeches (Lair:8)
  2 two-headed ogres
  2 polar bears
  29 blink frogs
  10 slime creatures
  A wraith (D:13)
  75 yaks
  2 wyverns
  Grum (D:8)
  2 basilisks
  A human (D:8)
  10 hippogriffs
  A hog (D:8)
  2 fire elementals (Lair:7)
  10 vampire mosquitoes (Lair:8)
  3 hungry ghosts
  12 wargs
  A mottled dragon (D:12)
  Menkaure (D:7)
  17 water moccasins
  13 porcupines
  Duvessa (D:4)
  2 black bears
  4 phantoms
  2 sky beasts
  A wasp (Lair:3)
  2 eyes of draining
  20 orc warriors
  3 ice beasts
  6 ogres
  A necrophage (D:11)
  20 wolves
  11 centaurs
  13 crocodiles
  11 big kobolds
  36 giant frogs
  A wyvern zombie (D:10)
  A gnoll sergeant (D:3)
  Dowan (D:4)
  4 scorpions
  The ghost of WanderingOwl the Cudgeler, a weakling TrBe of Trog (D:3)
  20 killer bees
  16 wights
  7 howler monkeys
  8 electric eels
  8 crimson imps
  2 quasits
  3 lava snakes (Lair:7)
  4 giant frog zombies
  8 hounds
  2 jellies
  23 orc priests
  4 gnoll shamans (D:3)
  4 centaur skeletons
  21 orc wizards
  10 iguanas
  10 worker ants
  24 sheep
  A killer bee zombie (D:7)
  A hound zombie (D:8)
  2 hound skeletons (D:6)
  2 worker ant zombies
  14 adders
  43 gnolls
  A howler monkey skeleton (D:4)
  54 river rats
  3 shadow imps
  2 oozes
  2 adder skeletons (D:4)
  4 worms
  2 dart slugs
  A giant gecko (D:11)
  94 orcs
  12 giant cockroaches
  4 goblins
  6 hobgoblins
  34 jackals
  29 kobolds
  4 quokkas
  7 ball pythons
  5 bats
  7 giant newts
  15 rats
  2 fungi
  2 plants
973 creatures vanquished.

Vanquished Creatures (collateral kills)
  Erolcha (D:11)
  3 cyclopes
  A jelly (D:10)
5 creatures vanquished.

Vanquished Creatures (others)
  A wight (D:11)
  An orc (Orc:1)
  15 fungi
  20 plants
37 creatures vanquished.

Grand Total: 1015 creatures vanquished

Notes
Turn   | Place    | Note
--------------------------------------------------------------
     0 | D:1      | theElss the Gargoyle Berserker began the quest for the Orb.
     0 | D:1      | Reached XP level 1. HP: 14/14 MP: 1/1
   245 | D:1      | Reached XP level 2. HP: 18/19 MP: 2/2
   484 | D:2      | Reached XP level 3. HP: 22/24 MP: 3/3
   777 | D:2      | Reached ** piety under Trog
   823 | D:2      | Reached XP level 4. HP: 22/29 MP: 4/4
  1667 | D:3      | Noticed WanderingOwl's ghost (weakling TrBe)
  1683 | D:3      | Killed WanderingOwl's ghost
  1683 | D:3      | Reached XP level 5. HP: 21/34 MP: 5/5
  1891 | D:3      | Reached skill level 4 in Maces & Flails
  1896 | D:3      | Found a glowing drain.
  1915 | D:3      | Reached *** piety under Trog
  1932 | Sewer    | Entered a sewer
  2184 | Sewer    | Reached XP level 6. HP: 39/39 MP: 6/6
  2788 | D:3      | Found a glowing golden altar of the Shining One.
  3159 | D:3      | HP: 2/60 [gnoll/spear (3)]
  3161 | D:3      | Reached **** piety under Trog
  3468 | D:3      | Reached skill level 5 in Fighting
  3475 | D:3      | Reached XP level 7. HP: 42/44 MP: 7/7
  4482 | D:3      | Reached skill level 5 in Maces & Flails
  4838 | D:3      | Reached ***** piety under Trog
  5082 | D:4      | Reached XP level 8. HP: 43/50 MP: 8/8
  5662 | D:4      | Noticed Duvessa
  5663 | D:4      | Noticed Dowan
  5670 | D:4      | Killed Duvessa
  5670 | D:4      | Reached skill level 5 in Dodging
  5675 | D:4      | Killed Dowan
  5953 | D:4      | Found a snail-covered altar of Cheibriados.
  5953 | D:4      | Found an oddly glowing altar of Pakellas.
  6176 | D:5      | Entered Level 5 of the Dungeon
  6268 | D:5      | Reached skill level 5 in Armour
  6685 | D:5      | Reached skill level 6 in Maces & Flails
  6962 | D:6      | Found a sparkling altar of Nemelex Xobeh.
  7093 | D:6      | Reached XP level 9. HP: 52/56 MP: 9/9
  7461 | D:6      | Found a staircase to the Ecumenical Temple.
  8163 | D:7      | Found a shimmering altar of Xom.
  8163 | D:7      | Found a burning altar of Makhleb.
  8269 | D:7      | Noticed Joseph
  8284 | D:7      | Killed Joseph
  8284 | D:7      | Reached skill level 7 in Maces & Flails
  8449 | D:7      | Noticed Menkaure
  8457 | D:7      | Killed Menkaure
  8468 | D:7      | Found a roughly hewn altar of Beogh.
  8841 | D:7      | Found a shattered altar of Ashenzari.
  9247 | D:8      | Received a gift from Trog
  9247 | D:8      | Reached XP level 10. HP: 63/63 MP: 10/10
  9301 | D:8      | Noticed Grum
  9337 | D:8      | Reached skill level 8 in Maces & Flails
  9347 | D:8      | Killed Grum
  9729 | D:8      | Found a staircase to the Lair.
  9941 | D:9      | Found a staircase to the Orcish Mines.
 10235 | D:9      | Reached skill level 9 in Maces & Flails
 10414 | D:9      | Found an iron altar of Okawaru.
 10420 | D:9      | Noticed a centaur warrior
 10422 | D:9      | Noticed a cyclops
 10433 | D:9      | Noticed a hill giant
 11220 | D:8      | Killed a centaur warrior
 11220 | D:8      | Reached XP level 11. HP: 14/69 MP: 11/11
 11508 | D:9      | Killed a cyclops
 11898 | D:9      | Killed a hill giant
 12200 | D:9      | Identified Lehudib's Collected Works on Clay
 12286 | D:10     | Entered Level 10 of the Dungeon
 12487 | D:10     | Noticed a hill giant
 12499 | D:10     | Killed a hill giant
 12601 | D:10     | Found a roughly hewn altar of Beogh.
 12679 | D:10     | Noticed Nergalle
 12687 | D:10     | Killed Nergalle
 12746 | D:10     | Noticed a cyclops
 12748 | D:10     | Reached skill level 10 in Maces & Flails
 12761 | D:10     | Killed a cyclops
 13049 | D:10     | Received a gift from Trog
 13219 | D:10     | Noticed a hill giant
 13227 | D:10     | Killed a hill giant
 13402 | D:10     | Found Nintyv Xaeba's Food Shop.
 13764 | D:11     | Noticed Erolcha
 13764 | D:11     | Noticed a cyclops
 13764 | D:11     | Noticed a hill giant
 13766 | D:11     | Noticed a four-headed hydra
 13849 | D:11     | Killed a four-headed hydra
 13916 | D:11     | Killed a hill giant
 13916 | D:11     | Reached XP level 12. HP: 77/77 MP: 12/12
 13935 | D:11     | Paralysed by Erolcha for 4 turns
 13943 | D:11     | Killed Erolcha
 14435 | D:11     | Reached skill level 10 in Fighting
 14435 | D:11     | Reached skill level 11 in Maces & Flails
 14629 | D:11     | Found Bueva's Book Shop.
 15127 | D:12     | Found a sacrificial altar of Ru.
 15583 | D:12     | Got a dazzling ring mail
 15679 | D:12     | Noticed a centaur warrior
 15686 | D:12     | Killed a centaur warrior
 15906 | D:12     | Received a gift from Trog
 15919 | D:12     | Reached skill level 10 in Armour
 16056 | D:12     | Reached skill level 12 in Maces & Flails
 16559 | D:13     | Reached XP level 13. HP: 71/84 MP: 13/13
 17857 | D:13     | Reached skill level 13 in Maces & Flails
 18160 | Lair:1   | Entered Level 1 of the Lair of Beasts
 18286 | Lair:1   | Noticed Krapule's ghost (journeyman HaFi)
 18309 | D:8      | Reached ****** piety under Trog
 18418 | Lair:1   | Killed Krapule's ghost
 18636 | Lair:1   | Received a gift from Trog
 18777 | Lair:1   | Noticed feelmyfire's ghost (journeyman MiFi)
 19055 | Lair:1   | Killed feelmyfire's ghost
 19167 | Lair:1   | Identified the +5 ring mail of the Realm of Zot {Stlth+} (You found it on level 12 of the Dungeon)
 20063 | Lair:2   | Reached skill level 10 in Dodging
 20103 | Lair:2   | Got an encrusted war axe
 20104 | Lair:2   | Identified the +2 war axe "Embalmer" {chop, *Contam rElec rN+ Dex+4} (You found it on level 2 of the Lair of Beasts)
 20128 | Lair:2   | Gained mutation: You possess an exceptional clarity of mind. [mutagenic glow]
 21115 | Lair:2   | Gained mutation: Your large and strong wings let you fly indefinitely. [Gargoyle growth]
 21115 | Lair:2   | Reached XP level 14. HP: 51/92 MP: 14/14
 21122 | Lair:2   | Reached skill level 14 in Maces & Flails
 21415 | Lair:3   | Received a gift from Trog
 21536 | Lair:3   | Noticed Maud
 21548 | Lair:3   | Killed Maud
 22534 | Lair:4   | Found a staircase to the Shoals.
 22541 | Lair:4   | Found a staircase to the Snake Pit.
 23558 | Lair:5   | Received a gift from Trog
 24638 | Lair:6   | Reached skill level 15 in Maces & Flails
 24968 | Lair:6   | Found a staircase to the Slime Pits.
 24970 | Lair:6   | Found a viscous altar of Jiyva.
 25077 | Lair:6   | Identified a scroll of acquirement
 25078 | Lair:6   | Got a pair of shimmering boots
 25089 | Lair:6   | Identified the +2 pair of boots of the Cockatrice {rPois MR+ Slay-5} (You acquired it on level 6 of the Lair of Beasts)
 25386 | Lair:6   | Noticed Rupert
 25403 | Lair:6   | Killed Rupert
 25738 | Lair:7   | Reached XP level 15. HP: 89/100 MP: 15/15
 25975 | Lair:7   | Received a gift from Trog
 27261 | Lair:8   | Entered Level 8 of the Lair of Beasts
 27593 | Lair:8   | Reached skill level 16 in Maces & Flails
 28213 | Lair:8   | Received a gift from Trog
 28813 | Lair:8   | Got a bloodstained chain mail
 28830 | Lair:8   | Identified the cursed +1 chain mail of Mapedus {rElec Dex-2 Slay+2 Stlth+} (You found it on level 8 of the Lair of Beasts)
 29473 | Orc:1    | Entered Level 1 of the Orcish Mines
 29598 | Orc:1    | Noticed an orc warlord
 29616 | D:9      | Killed an orc warlord
 29824 | Orc:1    | Received a gift from Trog
 29895 | Orc:1    | Received a gift from Trog
 30087 | Orc:2    | Entered Level 2 of the Orcish Mines
 30481 | Orc:1    | Reached skill level 15 in Fighting
 31092 | Orc:2    | Reached XP level 16. HP: 108/108 MP: 16/16
 31366 | Orc:2    | Found a staircase to the Elven Halls.
 31450 | Orc:2    | Received a gift from Trog
 31456 | Orc:2    | Reached skill level 17 in Maces & Flails
 31474 | Orc:2    | HP: 4/108 [orc priest/divine providence (12)]
 31474 | Orc:2    | Killed from afar by an orc priest

Skill      XL: |  1  2  3  4  5  6  7  8  9 10 11 12 13 14 15 16 |
---------------+-------------------------------------------------+-----
Dodging        | 2 3 4 5 6 8 9 10 | 10.3
Fighting       | 4 5 6 7 8 9 11 12 13 15 | 15.1
Maces & Flails | 4 5 6 7 9 10 12 13 15 16 17 | 17.0
Armour         | 3 4 5 7 8 9 10 11 12 13 | 13.5

Action                   |  1- 3 |  4- 6 |  7- 9 | 10-12 | 13-15 | 16-18 || total
-------------------------+-------+-------+-------+-------+-------+-------++-------
Melee: Mace              |   110 |   310 |   234 |       |       |       ||   654
       Whip              |       |       |   518 |    25 |       |       ||   543
       Flail             |       |       |       |   802 |       |       ||   802
       Dire flail        |       |       |       |   135 |       |       ||   135
       Morningstar       |       |       |       |    73 |  2255 |   102 ||  2430
Invok: Berserk           |       |     2 |     8 |    23 |    14 |     1 ||    48
       Trog's Hand       |       |       |     1 |     1 |     1 |     1 ||     4
       Brothers in Arms  |       |       |       |     3 |       |       ||     3
 Abil: Fly               |       |       |       |       |     1 |       ||     1
  Use: Scroll            |       |     1 |    10 |     5 |    15 |     2 ||    33
       Potion            |       |       |       |       |       |     2 ||     2
  Eat: Chunk             |       |    11 |    28 |    50 |    62 |     1 ||   152
       Fruit             |       |       |       |     2 |     3 |       ||     5
       Bread ration      |       |       |       |     1 |       |       ||     1
Armor: Animal skin       |    44 |    16 |       |       |       |       ||    60
       Scale mail        |       |   114 |   332 |   413 |       |       ||   859
       Leather armour    |       |     4 |       |       |       |       ||     4
       Plate armour      |       |       |       |   236 |  1248 |    41 ||  1525
Dodge: Dodged            |    94 |   167 |   409 |   674 |  1257 |    43 ||  2644
Block: Other             |       |       |       |       |   558 |    27 ||   585
       Reflection        |       |       |       |       |    12 |       ||    12
